 Dungeon Crawl Stone Soup version 0.26-a0-712-ga5a9c9c9d0 (webtiles) character file.

Game seed: 9159478764535462195

437 Azzok the Skirmisher (level 6, -3/49 HPs)
             Began as a Demonspawn Fighter on Nov 5, 2020.
             Slain by a troll (5 damage)
             ... on level 5 of the Dungeon.
             The game lasted 00:04:48 (2876 turns).

Azzok the Skirmisher (Demonspawn Fighter)           Turns: 2876, Time: 00:04:48

Health: -3/49      AC: 13    Str: 19    XL:     6   Next: 69%
Magic:  6/6        EV:  5    Int:  9    God:
Gold:   73         SH:  9    Dex: 12    Spells: 5/5 levels left

rFire    + . .     SeeInvis .   a - +0 war axe
rCold    + . .     Faith    .   c - +0 kite shield
rNeg     . . .     Spirit   .   d - +0 chain mail
rPois    +         Reflect  .   (helmet restricted)
rElec    +         Harm     .   (no cloak)
rCorr    +         Rampage  .   (no gloves)
MR       +....                  (no boots)
Stlth    ..........             (no amulet)
HPRegen  0.16/turn              i - +4 ring of protection
MPRegen  0.10/turn              m - ring of protection from magic

@: resistant
A: horns 2, powered by death 1
a: no special abilities


You were on level 5 of the Dungeon.
You visited 1 branch of the dungeon, and saw 5 of its levels.

You collected 73 gold pieces.

Inventory:

Hand Weapons
 a - a +0 war axe (weapon)
 n - a +0 mace of protection
Armour
 c - a +0 kite shield (worn)
 d - a +0 chain mail (worn)
Jewellery
 i - a +4 ring of protection (left hand)
 m - a ring of protection from magic (right hand)
 p - an uncursed ring of flight
Scrolls
 f - a scroll of random uselessness {unknown}
 g - a scroll of immolation {unknown}
 h - a scroll of identify {unknown}
 k - a scroll of enchant armour {unknown}
 l - a scroll of amnesia {unknown}
 o - a scroll of remove curse {unknown}


   Skills:
 + Level 4.3 Fighting
 * Level 4.3 Axes
 + Level 3.9 Armour
 + Level 3.9 Shields


You had 5 spell levels left.
You didn't know any spells.
Your spell library was empty.

Dungeon Overview and Level Annotations

Branches:
Dungeon (5/15)
 Temple: D:4-7

Altars:
Dithmenos
Kikubaaqudgha

Annotations:
D:3 1 runed translucent door, Crazy Yiuf


Innate Abilities, Weirdness & Mutations

You have a pair of horns on your head.
You regenerate a little health from kills.


Message History

You feel much better. The troll bites you! The troll claws you.
You block the troll's attack.
You closely miss the troll.
The troll is moderately wounded.
You block the troll's attack. x2; The troll claws you.
The troll bites you but does no damage. The troll barely misses you.
The troll claws you but does no damage.
Your chain mail prevents you from hitting the troll.
The troll is moderately wounded.
The troll bites you but does no damage. The troll claws you but does no damage.
The troll claws you!
* * * LOW HITPOINT WARNING * * *
You closely miss the troll.
The troll is lightly wounded.
You block the troll's attack. The troll claws you.
* * * LOW HITPOINT WARNING * * *
The troll claws you.
* * * LOW HITPOINT WARNING * * *
You block the troll's attack. The troll claws you.
You die...

▒·▒▒▒▒▒▒··▒▒▒▒▒▒···▒▒
▒·▒ ▒·····▒ ▒·▒▒▒ ··▒
▒·▒▒·▒▒ ▒·▒ ·▒▒
▒·▒▒··▒ ▒·▒ ·▒
▒·▒▒▒·▒ ▒·▒ ·▒▒▒▒·▒
·▒ ▒·▒ ····<·▒ ·▒ ▒·▒
··▒▒▒▒▒ ·▒ ▒·▒ ··▒
▒@▒ ··▒ ▒T▒ ▒·▒ ▒c▒
··· ▒▒S▒ ···· ▒·5▒
▒▒·· ▒c···▒▒
·····▒▒▒▒ ▒·?· ▒··


You could see a troll, a centaur, an adder and an ufetubus.

Vanquished Creatures
  Grinder (D:3)
  A scorpion (D:5)
  An orc priest (D:3)
  A worker ant (D:5)
  4 adders (D:2)
  An ooze (D:1)
  A worm (D:2)
  4 dart slugs
  A leopard gecko (D:1)
  11 orcs
  A ball python (D:3)
  2 giant cockroaches
  6 goblins
  5 hobgoblins
  7 jackals
  2 quokkas
  6 bats
  9 frilled lizards
  6 kobolds
  7 rats
77 creatures vanquished.

Notes
Turn   | Place    | Note
-------+----------+-------------------------------------------
     0 | D:1      | Azzok the Demonspawn Fighter began the quest for the Orb.
     0 | D:1      | Reached XP level 1. HP: 18/18 MP: 1/1
   482 | D:1      | Gained mutation: You regenerate a little health from kills.
                  | [demonic ancestry]
   482 | D:1      | Reached XP level 2. HP: 24/24 MP: 2/2
   874 | D:1      | Gained mutation: You have a pair of small horns on your
                  | head. [demonic ancestry]
   874 | D:1      | Reached XP level 3. HP: 26/29 MP: 3/3
  1529 | D:2      | Gained mutation: You have a pair of horns on your head.
                  | [demonic ancestry]
  1529 | D:2      | Reached XP level 4. HP: 31/35 MP: 4/4
  2292 | D:3      | Reached XP level 5. HP: 9/42 MP: 5/5
  2346 | D:3      | Noticed Grinder
  2371 | D:3      | Killed Grinder
  2371 | D:3      | Reached XP level 6. HP: 35/48 MP: 6/6
  2493 | D:3      | Found a runed translucent door.
  2494 | D:3      | Noticed Crazy Yiuf
  2669 | D:3      | You fall into a shaft and drop 1 floor!
  2683 | D:5      | Entered Level 5 of the Dungeon
  2824 | D:5      | Found a shadowy altar of Dithmenos.
  2824 | D:5      | Found an ancient bone altar of Kikubaaqudgha.
  2858 | D:5      | Noticed a troll
  2876 | D:5      | HP: 2/49 [troll (3)]
  2876 | D:5      | Slain by a troll

Illustrated notes

Levels and vault maps discovered:
D:1:      dpeg_arrival_lava_altar, layout_loops_ring, minmay_heptomino_h4
D:2:      minmay_evil_eye, layout_basic
D:3:      layout_loops_ring, uniq_grinder, uniq_crazy_yiuf_cottage
D:4:      layout_cave_pools, yredelemnul_forgotten_temple_becter,
          grunt_gozag_statues, lemuel_flame_loot_1, uniq_ijyb
D:5:      layout_rooms, gammafunk_temple_overflow_wave, minmay_fire_ice_demons

Skill      XL: |  1  2  3  4  5 |
---------------+----------------+-----
Axes           | 2 3 4 |  4.3
Shields        | 3 |  3.9
Armour         | 3 |  3.9
Fighting       | 4 |  4.3

Action                   |  1- 3 |  4- 6 || total
-------------------------+-------+-------++-------
Melee: War axe           |   156 |    84 ||   240
       Headbutt          |    11 |    13 ||    24
  Use: Potion            |       |     5 ||     5
Armor: Scale mail        |    89 |    21 ||   110
       Chain mail        |       |    36 ||    36
Dodge: Dodged            |    47 |    23 ||    70
Block: Kite shield       |    98 |    49 ||   147

Table legend: (Time is in decaauts)
 A = Elapsed time spent in this place.
 B = Non-inter-level travel time spent in this place.
 C = Inter-level travel time spent in this place.
 D = Time resting spent in this place.
 E = Time spent auto-exploring this place.
 F = Levels seen in this place.
 G = Mean time per level.
                   A        B        C        D        E       F      G
               +--------+--------+--------+--------+--------+-----+--------+
         Total |   2978 |   2923 |     55 |    515 |   1784 |   5 |  595.6 |
       Dungeon |   2978 |   2923 |     55 |    515 |   1784 |   5 |  595.6 |
               +--------+--------+--------+--------+--------+-----+--------+

Top non-repeatable levels by time:
     D:1: 1182 daAuts
     D:2: 1030 daAuts
     D:3: 549 daAuts
     D:5: 202 daAuts
     D:4: 14 daAuts
